 Dungeon Crawl Stone Soup version 0.27-a0-1301-g128193abf8 (webtiles) character file.

Game seed: 18431268034780276881

5788 Johnny the Thaumaturge (level 10, -1/66 HPs)
             Began as a Deep Elf Earth Elementalist on June 17, 2021.
             Was a Follower of Dithmenos.
             Slain by a tengu warrior (15 damage)
             ... on level 9 of the Dungeon.
             The game lasted 00:10:26 (12693 turns).

Johnny the Thaumaturge (DEEE)                      Turns: 12693, Time: 00:10:27

Health: -1/66      AC:  8    Str:  5    XL:     10   Next: 50%
Magic:  2/26       EV: 11    Int: 27    God:    Dithmenos [*.....]
Gold:   219        SH:  0    Dex: 15    Spells: 16/29 levels left

rFire    + . .     SeeInvis .   y - +6 dagger of Parts Unknown {speed, rElec}
rCold    . . .     Faith    .   (no shield)
rNeg     + . .     Spirit   .   G - +3 leather armour "Ypyemier" {Will+}
rPois    +         Reflect  .   E - +0 helmet
rElec    +         Harm     .   (no cloak)
rCorr    .         Rampage  .   (no gloves)
Will     ++...                  d - +0 pair of boots
Stlth    ++........             (no amulet)
HPRegen  0.21/turn              K - ring "Vemeug" {rPois rF+ rN+ Int+3}
MPRegen  0.20/turn              (no ring)

@: wreathed by umbra
A: no striking features
a: Renounce Religion


You were on level 9 of the Dungeon.
You worshipped Dithmenos.
Dithmenos was aware of your devotion.
You visited 2 branches of the dungeon, and saw 10 of its levels.
You also visited: Sewer.

You collected 389 gold pieces.
You spent 170 gold pieces at shops.

Inventory:

Hand Weapons
 a - a +0 dagger
 w - a +0 dagger of distortion
 y - the +6 dagger of Parts Unknown (weapon) {speed, rElec}
   (You found it on level 4 of the Dungeon)

   Attacks with this weapon are significantly faster.
   It insulates you from electricity.
Missiles
 c - 106 stones
Armour
 d - a +0 pair of boots (worn)
 i - a +0 buckler
 q - +0 steam dragon scales
 E - a +0 helmet (worn)
 G - the +3 leather armour "Ypyemier" (worn) {Will+}
   (You found it on level 6 of the Dungeon)

   It increases your willpower.
 H - +0 swamp dragon scales
Jewellery
 x - an amulet of the acrobat
 I - an amulet of reflection
 K - the ring "Vemeug" (left hand) {rPois rF+ rN+ Int+3}
   (You bought it in a shop on level 9 of the Dungeon)

   [ring of poison resistance]

   It affects your intelligence (+3).
   It protects you from fire.
   It protects you from poison.
   It protects you from negative energy.
 L - an amulet of regeneration
Wands
 p - a wand of digging (6)
 v - a wand of flame (26)
Scrolls
 e - a scroll of immolation {unknown}
 g - 2 scrolls of holy word {unknown}
 j - 2 scrolls of noise
 k - 3 scrolls of amnesia
 l - 7 scrolls of teleportation
 t - 4 scrolls of blinking
 B - a scroll of fear
 D - a scroll of fog
 F - a scroll of magic mapping {unknown}
Potions
 b - a potion of brilliance {unknown}
 f - 3 potions of might {unknown}
 h - 2 potions of curing
 m - 2 potions of haste {unknown}
 n - 2 potions of lignification {unknown}
 o - a potion of flight {unknown}
 r - a potion of resistance {unknown}
 s - 2 potions of magic {unknown}
 u - 2 potions of heal wounds {unknown}
 z - a potion of mutation {unknown}
 A - 2 potions of degeneration {unknown}
 C - 3 potions of cancellation {unknown}
 J - a potion of berserk rage {unknown}


   Skills:
 * Level 9.1 Fighting
 - Level 2.4 Dodging
 - Level 2.4 Stealth
 + Level 2.8 Shields
 + Level 10.3 Spellcasting
 - Level 1.1 Transmutations
 + Level 9.1 Earth Magic


You had 16 spell levels left.
You knew the following spells:

 Your Spells              Type           Power      Damage    Failure   Level
a - Sandblast             Erth           100%       2d20      1%          1
b - Stone Arrow           Conj/Erth      76%        3d11      3%          3
c - Lee's Rapid Deconstr  Erth           29%        3d16*     4%          5
d - Petrify               Tmut/Erth      41%        N/A       9%          4

Your spell library contained the following spells:

 Spells                   Type           Power      Damage    Failure   Level
 Passwall                 Tmut/Erth      34%        N/A       1%          2
 Animate Skeleton         Necr           28%        N/A       7%          1
 Corona                   Hex            15%        N/A       7%          1
 Pain                     Necr           56%        1d6       7%          1
 Slow                     Hex            14%        N/A       11%         2
 Leda's Liquefaction      Hex/Erth       19%        N/A       11%         4
 Inner Flame              Hex/Fire       14%        N/A       21%         3
 Portal Projectile        Hex/Tloc       28%        N/A       21%         3
 Vampiric Draining        Necr           7%         2d7       21%         3
 Borgnjor's Vile Clutch   Necr/Erth      19%        N/A       28%         5
 Animate Dead             Necr           7%         N/A       56%         4
 Cause Fear               Hex            7%         N/A       56%         4
 Yara's Violent Unravell  Hex/Tmut       8%         3d5       83%         5
 Agony                    Necr           14%        N/A       88%         5
 Silence                  Hex/Air        7%         N/A       88%         5
 Death Channel            Necr           7%         N/A       100%        6
 Simulacrum               Ice/Necr       7%         N/A       100%        6
 Discord                  Hex            7%         N/A       100%        8


Dungeon Overview and Level Annotations

Branches:
Dungeon (9/15)             Temple (1/1) D:6             Orc (0/2) D:9
  Sewer (visited)
   Lair: D:8-11

Altars:
Ashenzari
Cheibriados
Dithmenos
Fedhas
Gozag
Hepliaklqana
Kikubaaqudgha
Makhleb
Nemelex Xobeh
Qazlal
Ru
Sif Muna
Trog
Uskayaw
Vehumet
Wu Jian
Xom
Yredelemnul
Zin
The Shining One

Shops:
D:9 **


Message History

The wall shatters!
The blast of rock fragments hits the tengu warrior.
The tengu warrior is heavily wounded.
The blast of rock fragments hits the tengu conjurer!!
You kill the tengu conjurer!
Dithmenos accepts your kill.
Casting: Lee's Rapid Deconstruction (dangerous; 4% risk of failure)
Confirm with . or Enter, or press ? or * to list all spells.
Aiming: Lee's Rapid Deconstruction (dangerous; 4% risk of failure)
Press: ? - help, Dir - move target A rock wall.
The wall shatters!
The blast of rock fragments hits the tengu warrior!
The tengu warrior is severely wounded.
The tengu warrior hits you with a +0 great sword!
The tengu warrior pecks you.
The tengu warrior claws you but does no damage.
Casting: Lee's Rapid Deconstruction (dangerous; 4% risk of failure)
Confirm with . or Enter, or press ? or * to list all spells.
Aiming: Lee's Rapid Deconstruction (dangerous; 4% risk of failure)
Press: ? - help, Dir - move target A rock wall.
The wall shatters!
The blast of rock fragments hits the tengu warrior!
The tengu warrior is almost dead.
The tengu warrior hits you with a +0 great sword!
* * * LOW HITPOINT WARNING * * *
The tengu warrior pecks you.
* * * LOW HITPOINT WARNING * * *
The tengu warrior barely misses you.
Casting: Lee's Rapid Deconstruction (dangerous; 4% risk of failure)
Confirm with . or Enter, or press ? or * to list all spells.
Aiming: Lee's Rapid Deconstruction (dangerous; 4% risk of failure)
Press: ? - help, Dir - move target A rock wall.
The wall shatters!
The blast of rock fragments hits the tengu warrior!
The tengu warrior is almost dead.
The tengu warrior hits you with a +0 great sword!
You die...

### ###........####
######### # ##.#######
#### #.## ...### #..#
...'.#####.#####
...#.#.........# .#
...#.#.........#####...#
...#.#.........#.Q.'†#
...#.#.........#@#
...#.#.[.......#.#
...#.............#
...###.........### ...#
#.........# ...#
#.........# ####
###########


You could see a tengu warrior.

Vanquished Creatures
  Maggie (D:7)
  A tengu conjurer (D:9)
  A troll (D:5)
  A wyvern (D:8)
  11 yaks (D:9)
  A steam dragon (D:9)
  A water moccasin (D:8)
  4 orc warriors
  An ice beast (D:8)
  2 sky beasts (D:7)
  A black bear (D:6)
  3 necrophages
  2 centaurs
  4 ogres
  2 phantoms
  A scorpion (D:4)
  A wyvern skeleton (D:6)
  2 gnoll sergeants
  A water moccasin skeleton (D:5)
  4 wights (D:9)
  2 centaur zombies
  2 bullfrog skeletons
  4 orc priests
  3 jellies
  4 iguanas
  6 orc wizards
  3 killer bee zombies
  A hound skeleton (D:5)
  A howler monkey zombie (D:9)
  9 gnolls
  11 adders
  3 dart slugs (D:1)
  39 orcs
  3 bats
  4 endoplasms
  6 giant cockroaches
  6 goblins
  6 hobgoblins
  14 jackals
  7 quokkas
  13 ball pythons
  5 frilled lizards
  17 kobolds
  3 rats
  A butterfly (D:6)
218 creatures vanquished.

Vanquished Creatures (others)
  4 plants (Sewer)
4 creatures vanquished.

Grand Total: 222 creatures vanquished

Notes
Turn   | Place    | Note
-------+----------+-------------------------------------------
     0 | D:1      | Johnny the Deep Elf Earth Elementalist began the quest for
                  | the Orb.
     0 | D:1      | Reached XP level 1. HP: 10/10 MP: 6/6
    67 | D:1      | Reached XP level 2. HP: 9/16 MP: 2/8
   210 | D:1      | Reached skill level 1 in Fighting
   518 | D:1      | Reached XP level 3. HP: 16/20 MP: 5/10
  2014 | D:2      | Reached XP level 4. HP: 26/26 MP: 11/11
  2834 | D:3      | Noticed a shining eye
  2836 | D:3      | Found a faded altar of an unknown god.
  3315 | D:3      | Reached skill level 4 in Spellcasting
  3693 | D:3      | Noticed a golden eye
  3704 | D:3      | Noticed a floating eye
  3704 | D:3      | Noticed a shining eye
  3908 | D:3      | Noticed an ogre
  3914 | D:3      | Killed an ogre
  3915 | D:3      | Reached XP level 5. HP: 32/32 MP: 10/13
  4246 | D:4      | Found a glowing drain.
  4261 | Sewer    | Entered a sewer
  5185 | D:4      | Reached XP level 6. HP: 37/37 MP: 11/15
  5315 | D:4      | Found a sparkling altar of Nemelex Xobeh.
  5364 | D:4      | Reached skill level 5 in Spellcasting
  5761 | D:4      | Identified the +6 dagger of Parts Unknown {speed, rElec}
  5770 | D:4      | Reached skill level 5 in Earth Magic
  5945 | D:5      | Entered Level 5 of the Dungeon
  5964 | D:5      | Reached XP level 7. HP: 43/43 MP: 11/17
  6168 | D:5      | Learned a level 3 spell: Stone Arrow
  6174 | D:5      | Learned a level 5 spell: Lee's Rapid Deconstruction
  6179 | D:5      | Learned a level 4 spell: Petrify
  6315 | D:5      | Reached skill level 6 in Spellcasting
  6469 | D:5      | Identified the +10 dagger "Ryruome" {speed, Contam rC+
                  | Int+3}
  6721 | D:5      | Noticed a troll
  6727 | D:5      | Killed a troll
  6728 | D:5      | Reached skill level 5 in Fighting
  6728 | D:5      | Reached XP level 8. HP: 33/49 MP: 9/20
  6870 | D:5      | Found a radiant altar of Vehumet.
  6870 | D:5      | Found a bloodstained altar of Trog.
  7580 | D:6      | Reached skill level 7 in Spellcasting
  8343 | D:6      | Found a staircase to the Ecumenical Temple.
  8372 | Temple   | Entered the Ecumenical Temple
  8467 | D:6      | Identified the +3 leather armour "Ypyemier" {Will+}
  8668 | D:7      | Noticed Maggie
  8675 | D:7      | Killed Maggie
  8676 | D:7      | Reached skill level 8 in Spellcasting
  8787 | D:7      | Reached XP level 9. HP: 56/56 MP: 10/23
 10491 | D:8      | Found a sacrificial altar of Ru.
 10525 | D:8      | Reached skill level 9 in Spellcasting
 10787 | D:8      | Identified the +1 arbalest "Duofioj" {speed, Fly rF+ Dex+4}
 10897 | D:8      | Found a shadowy altar of Dithmenos.
 10930 | D:8      | Became a worshipper of Dithmenos the Shadowed
 11255 | D:9      | Found Ecsaneid's Assorted Antiques.
 11375 | D:9      | Bought a vibrating steel ring for 170 gold pieces
 11375 | D:9      | Identified the ring "Vemeug" {rPois rF+ rN+ Int+3} (You
                  | bought it in a shop on level 9 of the Dungeon)
 11388 | D:9      | Found Fyuhangi's Mayhem Merchandise.
 11429 | D:9      | Reached skill level 1 in Shields
 11880 | D:9      | Reached XP level 10. HP: 65/65 MP: 20/25
 12103 | D:9      | Found a staircase to the Orcish Mines.
 12166 | D:9      | Reached skill level 10 in Spellcasting
 12431 | D:9      | Reached * piety under Dithmenos
 12688 | D:9      | Noticed a tengu warrior
 12693 | D:9      | Slain by a tengu warrior

Illustrated notes

Levels and vault maps discovered:
D:1:      moated_graveyard_arrival, layout_rooms
D:2:      layout_basic
D:3:      layout_basic, hellmonk_ecumenical_altar_watching_god,
          minmay_goblin_kobold_house
D:4:      layout_cave_pools, lemuel_crystal_altar, portal_sewer_entry_f,
          serial_bayou_pond_d
D:5:      layout_basic, gammafunk_temple_overflow_wave
D:6:      layout_loops_ring, minmay_temple_entry_butterflies
D:7:      layout_layer_cave, chequers_jeans, uniq_maggie
D:8:      layout_basic, old_standard_altar, nicolae_ru_awakened_eye
D:9:      layout_roguey, minitemple, hiddenorc1_lemuel, serial_glass,
          glass_columns_a, glass_columns_b, serial_shops, shop,
          minmay_shop_mayhem
Temple:   eino_wide_crystal_templ

Skill      XL: |  1  2  3  4  5  6  7  8  9 10 |
---------------+-------------------------------+-----
Fighting       | 1 2 3 4 5 6 8 9 |  9.1
Earth Magic    | 4 5 6 7 8 9 |  9.1
Spellcasting   | 4 5 6 8 9 10 | 10.3
Shields        | 1 2 |  2.8
Dodging        | |  2.4
Stealth        | |  2.4
Transmutations | |  1.1

Action                   |  1- 3 |  4- 6 |  7- 9 | 10-12 || total
-------------------------+-------+-------+-------+-------++-------
Melee: Dagger            |    98 |   120 |    58 |       ||   276
 Cast: Sandblast         |    36 |    88 |    73 |    19 ||   216
       Stone Arrow       |       |       |    88 |    14 ||   102
       Lee's Rapid Decon |       |       |       |     9 ||     9
Evoke: Wand              |       |       |     2 |       ||     2
  Use: Potion            |     2 |     1 |       |       ||     3
       Scroll            |       |       |     6 |     1 ||     7
 Stab: Sleeping          |     5 |     1 |       |       ||     6
Armor: Robe              |    36 |     3 |       |       ||    39
       Steam dragon scal |       |    38 |     9 |       ||    47
       Leather armour    |       |       |    22 |     4 ||    26
Dodge: Dodged            |    78 |    96 |    72 |     5 ||   251

Table legend: (Time is in decaauts)
 A = Elapsed time spent in this place.
 B = Non-inter-level travel time spent in this place.
 C = Inter-level travel time spent in this place.
 D = Time resting spent in this place.
 E = Time spent auto-exploring this place.
 F = Levels seen in this place.
 G = Mean time per level.
                   A        B        C        D        E       F      G
               +--------+--------+--------+--------+--------+-----+--------+
         Total |  12842 |  12435 |    407 |   1951 |   8807 |  11 | 1167.5 |
       Dungeon |  11687 |  11302 |    385 |   1908 |   7929 |   9 | 1298.6 |
        Temple |     73 |     51 |     22 |      0 |     50 |   1 |   73.0 |
         Sewer |   1081 |   1081 |      0 |     43 |    828 |   1 | 1081.0 |
               +--------+--------+--------+--------+--------+-----+--------+

Top non-repeatable levels by time:
     D:2: 1814 daAuts
     D:7: 1811 daAuts
     D:3: 1564 daAuts
     D:5: 1307 daAuts
     D:6: 1303 daAuts
     D:9: 1254 daAuts
   Sewer: 1081 daAuts
     D:8: 977 daAuts
     D:4: 827 daAuts
     D:1: 826 daAuts
  Temple: 73 daAuts
